 Dungeon Crawl Stone Soup version 0.31-a0-702-gf82c85558f (webtiles) character file.

Game seed: 15463149318308754208

71 qw the Shooter (level 4, -2/28 HPs)
             Began as a Gargoyle Hunter on Sept 8, 2023.
             Slain by Sigmund
             ... wielding a +1 scythe of protection
              (3 damage)
             ... on level 2 of the Dungeon.
             The game lasted 00:00:31 (1394 turns).

qw the Shooter (Gargoyle Hunter)                    Turns: 1394, Time: 00:00:31

Health: -2/28      AC:  6    Str: 15    XL:     4   Next: 24%
Magic:  4/4        EV: 11    Int:  9    God:
Gold:   99         SH:  0    Dex: 15    Spells: 3/3 levels left

rFire   . . .        Y - +1 shortbow
rCold   . . .        (shield currently unavailable)
rNeg    + . .        c - +0 leather armour
rPois   inf          (no helmet)
rElec   +            (no cloak)
rCorr   .            (no gloves)
SInv    .            (no boots)
Will    .....        (no amulet)
Stlth   ++           (no ring)
HPRegen 0.24/turn    (no ring)
MPRegen 0.09/turn

%: no passive effects
@: no status effects
A: sickness immunity, AC +3, negative energy resistance 1, electricity
resistance, torment resistance 1, petrification resistance
a: no special abilities


You were on level 2 of the Dungeon.
You visited 1 branch of the dungeon, and saw 2 of its levels.

You collected 99 gold pieces.


Innate Abilities, Weirdness & Mutations

You are immune to sickness and miasma.
Your stone body is resilient. (AC +3)
You are immune to poison.
You resist negative energy. (rN+)
You are resistant to electric shocks. (rElec)
You are resistant to unholy torment.
You are immune to petrification.


   Skills:
 - Level 3.0 Fighting
 + Level 5.3 Ranged Weapons
 - Level 1.5 Dodging
 - Level 1.1 Stealth


You had 3 spell levels left.
You didn't know any spells.
Your spell library was empty.

Inventory:

Hand Weapons
 Y - a +1 shortbow (weapon)
Armour
 c - a +0 leather armour (worn)
Potions
 g - a potion of curing {unknown}

Dungeon Overview and Level Annotations

Branches:
Dungeon (2/15)

Altars:

Annotations:
D:2 Sigmund


Message History

Sigmund flickers and vanishes!
Deactivating autopickup; reactivate with Ctrl-A.
You shoot an arrow. You shoot an arrow. Something hits you.
You shoot an arrow.
A hobgoblin comes into view.
Something hits you.
1377 ||| FLEEEEING.
1378 ||| FLEEEEING.
1379 ||| FLEEEEING.
1380 ||| FLEEEEING.
1381 ||| FLEEEEING.
1382 ||| FLEEEEING.
You shoot an arrow. You shoot an arrow. Something hits you.
You shoot an arrow. Something hits you but does no damage.
You shoot an arrow. Something hits you!
You shoot an arrow. You shoot an arrow.
You hear some strange, mumbled words.
Something tries to affect you, but you resist.
A magic dart appears from out of thin air!
The magic dart hits you!
You shoot an arrow. Something hits you.
You shoot an arrow. You shoot an arrow. Something hits you but does no damage.
You shoot an arrow.
You hear some strange, mumbled words.
Something tries to affect you, but you resist.
You shoot an arrow. Something hits you.
You shoot an arrow. Something hits you.
You die...

####### ..#...# #.#.#.#
#.#.#.#
########.#.#.##########
.....g.....{..!.......
.......#.#.#........#
.......#.#.#@.......#
.......+.#.#PP.P....# #####
.......#####.#......#........
.###### ...##.....#........
######..............
#.##..#........
#.###.#........ #.#
#.#........ ##.###.#........


There were no monsters in sight!

Vanquished Creatures
  3 adders
  An adder skeleton (D:2)
  An adder zombie (D:2)
  A dart slug (D:2)
  A bat skeleton (D:2)
  3 endoplasms
  4 goblins (D:1)
  3 hobgoblins (D:2)
  3 jackals (D:1)
  2 kobolds (D:1)
  3 ball pythons
  3 ball python skeletons (D:2)
  4 bats
  3 frilled lizards
  A jackal zombie (D:2)
  2 rats (D:1)
38 creatures vanquished.

Notes
Turn   | Place    | Note
-------+----------+-------------------------------------------
     0 | D:1      | qw the Gargoyle Hunter began the quest for the Orb.
     0 | D:1      | Reached XP level 1. HP: 12/12 MP: 1/1
     0 | D:1      | 0 ||| qw: Version: 0.3-a-76-g4403597
     0 | D:1      | 0 ||| qw: Game counter: 1223
     0 | D:1      | 0 ||| qw: Melee chars always use a shield: true
     0 | D:1      | 0 ||| qw: God list: Okawaru
     0 | D:1      | 0 ||| qw: Allow faded altars: false
     0 | D:1      | 0 ||| qw: Do Orc after clearing Dungeon:15 true
     0 | D:1      | 0 ||| qw: Do second Lair branch before Depths: true
     0 | D:1      | 0 ||| qw: Lair rune preference: random
     0 | D:1      | 0 ||| qw: Goals: Normal
     0 | D:1      | 0 ||| PLANNING D:1-11
   236 | D:1      | Reached XP level 2. HP: 17/17 MP: 2/2
  1004 | D:1      | 1004 ||| READING scroll labelled BUPLAOR UTWEU.
  1005 | D:1      | 1005 ||| READING scroll labelled LEDEOD LO LOSS.
  1006 | D:1      | 1006 ||| READING scroll labelled WEOCUDEAF.
  1007 | D:1      | 1007 ||| DRINKING 2 coppery potions.
  1111 | D:1      | 1111 ||| DRINKING 2 viscous orange potions.
  1141 | D:1      | 1141 ||| DROPPING scroll of butterflies.
  1142 | D:1      | 1142 ||| DROPPING potion of berserk rage.
  1143 | D:1      | 1143 ||| DROPPING potion of lignification.
  1187 | D:2      | 1187 ||| STAIRDANCE
  1201 | D:1      | Reached skill level 5 in Ranged Weapons
  1201 | D:1      | Reached XP level 3. HP: 19/21 MP: 3/3
  1300 | D:2      | Reached skill level 3 in Fighting
  1310 | D:2      | Reached XP level 4. HP: 28/28 MP: 4/4
  1373 | D:2      | Noticed Sigmund
  1377 | D:2      | 1377 ||| FLEEEEING.
  1378 | D:2      | 1378 ||| FLEEEEING.
  1379 | D:2      | 1379 ||| FLEEEEING.
  1380 | D:2      | 1380 ||| FLEEEEING.
  1381 | D:2      | 1381 ||| FLEEEEING.
  1382 | D:2      | 1382 ||| FLEEEEING.
  1388 | D:2      | HP: 7/28 [something/magic dart (8)]
  1389 | D:2      | HP: 1/28 [something (6)]
  1394 | D:2      | Slain by Sigmund

Levels and vault maps discovered:
D:1:      shiori_arrival_whats_in_store_for_you, layout_basic
D:2:      layout_basic, shapermc_ecumenical_altar_notcrosses, serial_undead,
          serial_undead_b, serial_undead_b, serial_undead_a, serial_undead_e,
          grunt_ministairs_7, chequers_avenue, serial_bayou_pond_e, uniq_sigmund

Skill      XL: |  1  2  3 |
---------------+----------+-----
Ranged Weapons | 5 |  5.3
Fighting       | 3 |  3.0
Dodging        | |  1.5
Stealth        | |  1.1

Action                     |  1- 3 |  4- 6 || total
---------------------------+-------+-------++-------
   Fire: Shortbow          |    95 |    25 ||   120
    Use: Scroll            |     3 |       ||     3
         Potion            |     2 |       ||     2
 Armour: Leather armour    |    32 |    11 ||    43
  Dodge: Dodged            |    25 |     2 ||    27

Table legend:
 A = Non-vault XP
 B = Vault XP
 C = Vault XP percentage of total XP
 D = Non-vault monster count
 E = Vault monster count
 F = Vault count percentage of total count
                 A         B        C        D         E       F
            +---------+---------+-------+---------+---------+-------
      Total |      70 |      32 |  31.4 |      29 |       9 |  23.7
            +---------+---------+-------+---------+---------+-------
        D:1 |      27 |      14 |  34.1 |      19 |       1 |   5.0
        D:2 |      43 |      18 |  29.5 |      10 |       8 |  44.4
            +---------+---------+-------+---------+---------+-------
